 Dungeon Crawl Stone Soup version 0.32-a0-485-g70f7560b1c (webtiles) character file.

Game seed: 2223798974157681250

15907 ytrimaz the Cleaver (level 12, -10/95 HPs)
             Began as a Coglin Fighter on Feb 27, 2024.
             Mangled by a white ugly thing (28 damage)
             ... on level 11 of the Dungeon.
             The game lasted 00:14:27 (12288 turns).

ytrimaz the Cleaver (Coglin Fighter)               Turns: 12288, Time: 00:14:27

Health: -10/95     AC: 16    Str: 23    XL:     12   Next: 31%
Magic:  0/12       EV:  7    Int: 10    God:
Gold:   851        SH:  0    Dex: 15    Spells: 11/11 levels left

rFire   . . .        D - +0 broad axe {Raimund}
rCold   . . .        C - +5 whip of Golden Subterfuge {drain, Str+3 Int+2}
rNeg    . . .        A - +0 plate armour
rPois   .            i - +0 helmet
rElec   .            (no cloak)
rCorr   .            (no gloves)
SInv    .            (no boots)
Will    .....        h - amulet of guardian spirit Stlth
                     (ring unavailable)
HPRegen 0.35/turn    (ring unavailable)
MPRegen 0.13/turn

%: guardian spirit
@: revved
A: off-hand wielding, slow wielding, warmup strikes, no rings, mutation
resistance 1
a: no special abilities


You were on level 11 of the Dungeon.
You visited 4 branches of the dungeon, and saw 14 of its levels.
You also visited: Sewer.

You collected 851 gold pieces.


Innate Abilities, Weirdness & Mutations

You can wield a second weapon in your off-hand.
It takes a long time for you to wield or remove held weapons.
Your first few attacks do less damage.
Your grasper-arms cannot wear rings.
You are somewhat resistant to further mutation.


   Skills:
 + Level 9.2 Fighting
 + Level 13.2 Axes
 + Level 10.5 Armour
 - Level 2.1 Shields
 - Level 10.0 Evocations


You had 11 spell levels left.
You didn't know any spells.
Your spell library contained the following spells:

 Spells                   Type           Power      Damage    Failure   Level
 Jinxbite                 Hex            0%         N/A       100%        2
 Fugue of the Fallen      Necr           0%         N/A       100%        3
 Inner Flame              Hex/Fire       0%         N/A       100%        3
 Ozocubu's Armour         Ice            0%         N/A       100%        3
 Tukima's Dance           Hex            0%         N/A       100%        3
 Flame Wave               Conj/Fire      0%         2d4       100%        4
 Manifold Assault         Tloc           0%         N/A       100%        4
 Passage of Golubria      Tloc           0%         N/A       100%        4
 Sticky Flame             Fire/Alch      0%         2d4       100%        4
 Yara's Violent Unravell  Hex/Alch       0%         3d3       100%        5
 Enfeeble                 Hex            0%         N/A       100%        7

Inventory:

Hand Weapons
 a - a +1 war axe {Ana}
 z - a +0 war axe {Simosihle}
   (You took it off a wight on level 6 of the Dungeon)
 C - the +5 whip of Golden Subterfuge (offhand) {drain, Str+3 Int+2}
   (You found it on level 7 of the Dungeon)

   Str+3:     It affects your strength (+3).
   Int+2:     It affects your intelligence (+2).
 D - a +0 broad axe (weapon) {Raimund}
   (You found it on level 8 of the Dungeon)
Armour
 i - a +0 helmet (worn)
   (You found it on level 1 of the Dungeon)
 A - a +0 plate armour (worn)
   (You took it off an orc warrior on level 6 of the Dungeon)
Jewellery
 h - an amulet of guardian spirit (around neck)
   (You found it on level 1 of the Dungeon)
 q - an amulet of magic regeneration
   (You found it on level 6 of the Dungeon)
Wands
 c - a wand of light (2)
   (You took it off Lodul on level 10 of the Dungeon)
 j - a wand of charming (5)
   (You took it off Psyche on level 10 of the Dungeon)
 w - a wand of polymorph (6)
   (You found it on level 9 of the Dungeon)
 x - a wand of flame (3) (quivered)
   (You found it on level 6 of the Dungeon)
Scrolls
 b - 2 scrolls of fog
 d - 4 scrolls of vulnerability
 f - 4 scrolls of teleportation
 g - a scroll of silence
 l - a scroll of enchant armour
 m - 2 scrolls of noise
 o - a scroll of butterflies
 t - a scroll of revelation
Potions
 e - 2 potions of magic
 k - a potion of mutation
 s - a potion of heal wounds
 u - 2 potions of cancellation
 E - 2 potions of enlightenment {unknown}

Dungeon Overview and Level Annotations

Branches:
Dungeon (11/15) Zot: 26738  Temple (1/1) D:5 Zot: 5998    Lair (1/5) D:8 Zot: 5826
    Orc (1/2) D:9 Zot: 5986   Sewer (visited)

Altars:
Ashenzari
Cheibriados
Dithmenos
Elyvilon
Fedhas
Gozag
Hepliaklqana
Kikubaaqudgha
Makhleb
Nemelex Xobeh
Okawaru
Qazlal
Ru
Sif Muna
Trog
Uskayaw
Vehumet
Wu Jian
Xom
Yredelemnul
Zin
The Shining One

Annotations:
D:10 exclusion: door
Temple 2 transporters
Orc:1 Josephine

..# #... #... #..#
###..# #######...#
...######>..u@...#
..u.....<........##
.......[.........^###
#..........)........####
##.....................#
##...).###....#####<..#
####### ###### ##..# ..#
..#


You could see a white ugly thing (drained).


Message History

😮 HP[-33] MP[-5]
You take 33 damage, and now have 53/95 hp.
MASSIVE DAMAGE!! (PAUSE)
You lost 5 mp, and now have 7/12 mp.
You hit the white ugly thing with the +5 whip of Golden Subterfuge.
You drain the white ugly thing.
You hit the white ugly thing but do no damage.
The white ugly thing trunk-slaps you. The white ugly thing freezes you!!
* * * LOW HITPOINT WARNING * * *
😨 HP[-29] MP[-3]
You take 29 damage, and now have 24/95 hp.
MASSIVE DAMAGE!! (PAUSE)
You lost 3 mp, and now have 4/12 mp.
You whack the white ugly thing with the +5 whip of Golden Subterfuge!
You slash the white ugly thing with your +0 broad axe! 😨 HP[+1] Unknown command.
As you read the scroll of fear, it crumbles to dust.
You assume a fearsome visage.
The white ugly thing looks frightened!
Unknown command.
There is a stone staircase leading up here.
You climb upwards.
Level annotation: exclusion: door
There is a stone staircase leading down here. 😨 HP[+1] Unknown command.
You start resting. 😨 HP[+19] MP[+8]
You regained 19 hp, and now have 45/95 hp.
Your mp is fully restored (12).
Unknown command.
You start resting.
Unknown command. 😕 HP[+44]
You regained 44 hp, and now have 89/95 hp.
Okay, then.
Search for what [Enter for "ec", or ? for help]? armor
There is a stone staircase leading down here. 😎 HP[+6]
Your hp is fully restored (95).
You climb downwards.
There is a stone staircase leading up here.
You see here a fuming brown potion.
Press: ? - help, v - describe, . - travel
Here: a white ugly thing The floor.
Aiming: Throw Flame
Press: ? - help, Q - select action, (/) - cycle Shift-Dir - straight line, f - white ugly thing
Aim: a white ugly thing (78% to hit)
The puff of flame hits the white ugly thing!
Aiming: Throw Flame
Press: ? - help, Q - select action, (/) - cycle Shift-Dir - straight line, f/p - white ugly thing
Aim: a white ugly thing (lightly wounded, 78% to hit)
The puff of flame hits the white ugly thing!
Aiming: Throw Flame
Press: ? - help, Q - select action, (/) - cycle Shift-Dir - straight line, f/p - white ugly thing
Aim: a white ugly thing (moderately wounded, 78% to hit)
The puff of flame hits the white ugly thing!
Aiming: Throw Flame
Press: ? - help, Q - select action, (/) - cycle Shift-Dir - straight line, f/p - white ugly thing
Aim: a white ugly thing (heavily wounded, 78% to hit)
The puff of flame hits the white ugly thing!
Aiming: Throw Flame
Press: ? - help, Q - select action, (/) - cycle Shift-Dir - straight line, f/p - white ugly thing
Aim: a white ugly thing (heavily wounded, 78% to hit)
The puff of flame misses the white ugly thing.
The white ugly thing trunk-slaps you.
The white ugly thing freezes you!! 😕 HP[-21] MP[-3]
You take 21 damage, and now have 74/95 hp.
MASSIVE DAMAGE!! (PAUSE)
You lost 3 mp, and now have 9/12 mp.
You closely miss the white ugly thing with the +5 whip of Golden Subterfuge.
You hit the white ugly thing but do no damage.
The white ugly thing trunk-slaps you!
The white ugly thing freezes you!! 😮 HP[-23] MP[-3]
You take 23 damage, and now have 51/95 hp.
MASSIVE DAMAGE!! (PAUSE)
You lost 3 mp, and now have 6/12 mp.
You hit the white ugly thing but do no damage.
You closely miss the white ugly thing with the +5 whip of Golden Subterfuge.
The white ugly thing trunk-slaps you but does no damage.
You slash the white ugly thing with your +0 broad axe!
You whack the white ugly thing with the +5 whip of Golden Subterfuge!
You drain the white ugly thing.
Unknown command.
You barely miss the white ugly thing with your +0 broad axe.
You barely miss the white ugly thing with the +5 whip of Golden Subterfuge.
The white ugly thing trunk-slaps you. The white ugly thing freezes you!!
* * * LOW HITPOINT WARNING * * *
😱 HP[-30] MP[-4]
You take 30 damage, and now have 21/95 hp.
MASSIVE DAMAGE!! (PAUSE)
You lost 4 mp, and now have 2/12 mp.
Unknown command.
You barely miss the white ugly thing with the +5 whip of Golden Subterfuge.
You barely miss the white ugly thing with your +0 broad axe.
The white ugly thing trunk-slaps you.
* * * LOW HITPOINT WARNING * * *
The white ugly thing freezes you!!
You die...

Skill      XL: |  1  2  3  4  5  6  7  8  9 10 11 12 |
---------------+-------------------------------------+-----
Armour         | 3 4 5 10 | 10.5
Axes           | 3 4 5 8 10 11 12 13 | 13.2
Evocations     | 8 10 | 10.0
Fighting       | 5 8 9 |  9.2
Shields        | |  2.1

Action                     |  1- 3 |  4- 6 |  7- 9 | 10-12 || total
---------------------------+-------+-------+-------+-------++-------
  Melee: War axe           |    76 |   127 |   151 |   210 ||   564
         Hand axe          |    27 |   121 |   145 |       ||   293
         Whip              |       |       |       |   297 ||   297
         Broad axe         |       |       |       |   273 ||   273
         Unarmed           |       |       |       |     4 ||     4
  Evoke: Wand              |       |       |    20 |    23 ||    43
    Use: Scroll            |     3 |     8 |     3 |     9 ||    23
         Potion            |       |     4 |     3 |     5 ||    12
   Stab: Invisible         |       |       |     1 |       ||     1
 Armour: Scale mail        |    43 |   145 |     4 |       ||   192
         Ring mail         |       |       |   142 |       ||   142
         Plate armour      |       |       |     6 |   413 ||   419
         Skin              |       |       |       |     5 ||     5
  Dodge: Dodged            |    35 |    88 |   109 |   120 ||   352
  Block: Buckler           |    11 |       |       |       ||    11

Levels and vault maps discovered:
D:1:      giann_forest_graveyard, layout_loops_ring, serial_forest,
          infiniplex_forest_end_3, infiniplex_forest_fountain,
          infiniplex_forest_straight_1, infiniplex_forest_lined_3,
          infiniplex_forest_lined_3, infiniplex_forest_clump_large,
          infiniplex_forest_straight_2, infiniplex_forest_clump_double,
          infiniplex_forest_end_double, infiniplex_forest_zigzag_1,
          basic_ecumenical_altar
D:2:      layout_basic, chequers_jeans
D:3:      layout_rooms, gup_sewer_entry_bubbles, uniq_robin
D:4:      layout_layer_cave, uniq_edmund
D:5:      kennysheep_kobold_camp, layout_basic, minmay_temple_entry_arrows
D:6:      hangedman_cross_stitches, layout_basic,
          nicolae_hepliaklqana_monster_ancestors,
          chequers_temple_overflow_statue_of_worship
D:7:      minmay_s_stair_smasher, layout_basic, uniq_maggie, uniq_jeremiah
D:8:      layout_cave_pools, amcnicky_altar_gilded, dpeg_lair_monsters,
          eino_curves_02
D:9:      layout_roguey, mainiacjoe_overflow_swirl, orc_0_dummy
D:10:     minmay_the_grid_plus_closed [minmay_the_grid_tree,
          minmay_the_grid_spikes, minmay_the_grid_broken_lines,
          minmay_the_grid_large_cup, minmay_the_grid_prize_big_room],
          layout_basic, mainiacjoe_overflow_surrounded_room, uniq_psyche,
          uniq_lodul
D:11:     layout_layer_cave, nicolae_letterblocks [nicolae_letter_subblock,
          nicolae_letter_subblock, nicolae_letter_subblock,
          nicolae_letter_subblock, nicolae_letter_subblock,
          nicolae_letter_subblock, nicolae_letter_subblock,
          nicolae_letter_subblock, nicolae_letter_subblock,
          nicolae_letter_subblock, nicolae_letter_subblock,
          nicolae_letter_subblock, nicolae_letter_subblock,
          nicolae_letter_subblock, nicolae_letter_subblock,
          nicolae_letter_subblock, nicolae_letter_subblock,
          nicolae_letter_subblock, nicolae_letter_subblock,
          nicolae_letter_subblock, nicolae_letter_subblock,
          nicolae_letter_subblock, nicolae_letter_subblock,
          nicolae_letter_subblock, nicolae_letter_subblock]
Temple:   hellmonk_temple_divided_pantheon
Lair:1:   layout_long_grid
Orc:1:    layout_caves, regret_index_xom_of_box, uniq_josephine, uniq_fannar

Notes
Turn   | Place    | Note
-------+----------+-------------------------------------------
     0 | D:1      | ytrimaz the Coglin Fighter began the quest for the Orb.
     0 | D:1      | Reached XP level 1. HP: 18/18 MP: 1/1
     0 | D:1      | magus.rc [v1.9.6]
   110 | D:1      | Reached XP level 2. HP: 24/24 MP: 2/2
   153 | D:1      | Reached skill level 3 in Armour
   428 | D:1      | Reached XP level 3. HP: 29/29 MP: 3/3
   436 | D:1      | Found a faded altar of an unknown god.
  1052 | D:2      | Reached skill level 3 in Axes
  1579 | D:2      | Reached XP level 4. HP: 35/35 MP: 4/4
  2074 | D:3      | Noticed Robin
  2090 | D:3      | Killed Robin
  2092 | D:3      | Reached skill level 4 in Armour
  2213 | D:3      | Found a glowing drain.
  2220 | D:3      | Reached XP level 5. HP: 41/41 MP: 5/5
  2224 | Sewer    | Entered a sewer
  2301 | Sewer    | Reached skill level 4 in Axes
  2433 | Sewer    | HP: 10/41 [bullfrog (5)]
  2439 | Sewer    | HP: 7/41 [bullfrog (4)]
  2441 | Sewer    | Reached XP level 6. HP: 9/47 MP: 1/6
  2713 | D:3      | Reached skill level 5 in Armour
  2719 | D:3      | Reached skill level 5 in Axes
  3072 | D:4      | You pick up a book of Battle and begin reading...
  3072 | D:4      | You add the spells Fugue of the Fallen, Ozocubu's Armour
                  | and Manifold Assault to your library.
  3252 | D:4      | Reached XP level 7. HP: 52/52 MP: 7/7
  3265 | D:4      | Identified the +5 ring mail of Tulaoc {rC+ rN+ Int-4 Dex+3}
  3315 | D:4      | Noticed Edmund
  3324 | D:4      | Killed Edmund
  3471 | D:4      | Identified a potion of experience
  3472 | D:4      | Reached skill level 8 in Axes
  3472 | D:4      | Reached skill level 10 in Armour
  3472 | D:4      | Reached skill level 8 in Evocations
  3472 | D:4      | Reached XP level 8. HP: 58/58 MP: 8/8
  3476 | D:5      | Entered Level 5 of the Dungeon
  3517 | D:5      | Found a staircase to the Ecumenical Temple.
  4245 | D:5      | Reached XP level 9. HP: 61/63 MP: 9/9
  4422 | D:6      | Reached skill level 9 in Axes
  4442 | D:6      | Reached skill level 9 in Evocations
  4578 | D:6      | Found a sparkling altar of Nemelex Xobeh.
  4599 | D:6      | Noticed a hornet
  4611 | D:6      | Gained mutation: You do not regenerate when monsters are
                  | visible. [potion of mutation]
  4611 | D:6      | Gained mutation: You possess an exceptional clarity of
                  | mind. [potion of mutation]
  4621 | D:6      | Killed a hornet
  5081 | D:6      | Reached skill level 10 in Evocations
  5376 | D:6      | Found a radiant altar of Vehumet.
  5655 | D:6      | Found a hazy altar of Hepliaklqana.
  5688 | D:6      | Reached skill level 10 in Axes
  5963 | D:7      | Reached XP level 10. HP: 66/70 MP: 10/10
  5988 | D:7      | Noticed Maggie
  5996 | D:7      | Killed Maggie
  6200 | D:7      | Noticed Jeremiah
  6231 | D:7      | Killed Jeremiah
  6308 | D:7      | Reached skill level 4 in Fighting
  7443 | D:7      | Identified the +5 whip of Golden Subterfuge {drain, Str+3
                  | Int+2}
  7673 | D:8      | You add the spells Tukima's Dance, Passage of Golubria and
                  | Yara's Violent Unravelling to your library.
  7688 | D:8      | Reached skill level 11 in Axes
  7697 | D:8      | Reached skill level 5 in Fighting
  7919 | D:8      | Found a staircase to the Lair.
  8260 | D:8      | Found an opulent altar of Gozag.
  8334 | D:8      | Lost mutation: You possess an exceptional clarity of mind.
                  | [potion of mutation]
  8334 | D:8      | Lost mutation: You do not regenerate when monsters are
                  | visible. [potion of mutation]
  8334 | D:8      | Gained mutation: You are somewhat resistant to further
                  | mutation. [potion of mutation]
  8589 | D:9      | Found a burning altar of Makhleb.
  8615 | D:9      | Reached XP level 11. HP: 51/77 MP: 8/11
  8797 | D:9      | Reached skill level 6 in Fighting
  8847 | D:9      | Paralysed by a hornet for 2 turns
  8851 | D:9      | Paralysed by a hornet for 3 turns
  8854 | D:9      | HP: 20/82 [poisoned by a hornet]
  9290 | D:9      | You pick up a book of Flames and begin reading...
  9290 | D:9      | You add the spells Inner Flame, Sticky Flame and Flame Wave
                  | to your library.
  9517 | D:9      | Found an iron altar of Okawaru.
  9562 | D:9      | Reached skill level 7 in Fighting
  9562 | D:9      | Reached skill level 12 in Axes
  9811 | D:9      | Found a staircase to the Orcish Mines.
 10015 | D:10     | Entered Level 10 of the Dungeon
 10055 | Orc:1    | Entered Level 1 of the Orcish Mines
 10062 | Orc:1    | Noticed Josephine
 10220 | Lair:1   | Entered Level 1 of the Lair of Beasts
 10480 | Temple   | Found a transporter.
 10480 | Temple   | Found a transporter.
 10480 | Temple   | Found a transporter.
 10480 | Temple   | Found a transporter.
 10480 | Temple   | Entered the Ecumenical Temple
 10559 | D:10     | Noticed a two-headed ogre
 10575 | D:10     | Killed a two-headed ogre
 10576 | D:10     | Reached skill level 8 in Fighting
 10613 | D:10     | HP: 18/86 [yak (9)]
 10943 | D:10     | You pick up a book of Misfortune and begin reading...
 10943 | D:10     | You add the spells Jinxbite and Enfeeble to your library.
 10952 | D:10     | Found a snail-covered altar of Cheibriados.
 10973 | D:10     | Noticed a boulder beetle
 10985 | D:10     | Killed a boulder beetle
 11078 | D:10     | Reached XP level 12. HP: 78/94 MP: 9/12
 11212 | D:10     | Reached skill level 13 in Axes
 11311 | D:10     | Noticed Psyche
 11378 | D:10     | Killed Psyche
 11543 | D:10     | Noticed Lodul
 11548 | D:10     | Killed Lodul
 11548 | D:10     | Noticed a centaur warrior
 11549 | D:10     | Reached skill level 9 in Fighting
 11788 | D:9      | Killed a centaur warrior
 11943 | D:10     | Noticed a fire dragon
 12287 | D:11     | HP: 21/95 [white ugly thing (28)]
 12288 | D:11     | Mangled by a white ugly thing

Vanquished Creatures
  A centaur warrior (D:9)
  A boulder beetle (D:10)
  A two-headed ogre (D:10)
  Lodul (D:10)
  Maggie (D:7)
  3 cane toads (Lair:1)
  An unseen horror (D:10)
  Jeremiah (D:7)
  A kobold demonologist (D:10)
  Psyche (D:10)
  A troll (D:10)
  2 hornets
  A centaur simulacrum (D:10)
  A shadow (D:9)
  19 yaks
  A warg (D:9)
  A basilisk (D:8)
  3 steam dragons
  2 wraiths
  A wyvern (Lair:1)
  Edmund (D:4)
  4 water moccasins
  An acid dragon (D:9)
  3 ice beasts
  3 orc warriors
  8 ogres
  A sky beast (D:7)
  2 black bears (D:8)
  3 centaurs
  2 phantoms
  12 bullfrogs
  6 kobold brigands
  3 scorpions
  17 wights
  9 killer bees (D:9)
  2 jellies
  5 orc priests
  4 bombardier beetles
  4 hounds
  4 iguanas
  2 sleepcaps
  6 orc wizards
  Robin (D:3)
  6 adders
  5 river rats
  A shadow imp (D:7)
  5 ufetubi
  4 dart slugs
  4 ribbon worms
  37 orcs
  8 endoplasms
  8 giant cockroaches
  7 hobgoblins
  17 jackals
  5 quokkas
  17 ball pythons
  2 bats (D:1)
  8 frilled lizards
  10 goblins
  42 kobolds
  33 rats
  A spectral kobold (D:6)
367 creatures vanquished.

Vanquished Creatures (others)
  A white imp (D:6)
1 creature vanquished.

Grand Total: 368 creatures vanquished

Table legend:
 A = Non-vault XP
 B = Vault XP
 C = Vault XP percentage of total XP
 D = Non-vault monster count
 E = Vault monster count
 F = Vault count percentage of total count
                 A         B        C        D         E       F
            +---------+---------+-------+---------+---------+-------
      Total |   15023 |    6937 |  31.6 |     235 |     132 |  36.0
            +---------+---------+-------+---------+---------+-------
        D:1 |      52 |       0 |   0.0 |      29 |       0 |   0.0
        D:2 |      33 |       0 |   0.0 |      16 |       0 |   0.0
        D:3 |      63 |      41 |  39.4 |      20 |      15 |  42.9
        D:4 |     138 |     162 |  54.0 |       9 |       1 |  10.0
        D:5 |     678 |     120 |  15.0 |      20 |      21 |  51.2
        D:6 |    1283 |     991 |  43.6 |      26 |      11 |  29.7
        D:7 |    1122 |    1494 |  57.1 |      27 |      15 |  35.7
        D:8 |    1052 |     553 |  34.5 |      17 |       7 |  29.2
        D:9 |    4225 |     957 |  18.5 |      44 |       2 |   4.3
       D:10 |    4707 |    2304 |  32.9 |      21 |      10 |  32.3
     Lair:1 |    1670 |       0 |   0.0 |       6 |       0 |   0.0
      Sewer |       0 |     315 | 100.0 |       0 |      50 | 100.0
            +---------+---------+-------+---------+---------+-------

Skill      XL: |  1  2  3  4  5  6  7  8  9 10 11 12 |
---------------+-------------------------------------+-----
Armour         | 3 4 5 10 | 10.5
Axes           | 3 4 5 8 10 11 12 13 | 13.2
Evocations     | 8 10 | 10.0
Fighting       | 5 8 9 |  9.2
Shields        | |  2.1

Action                     |  1- 3 |  4- 6 |  7- 9 | 10-12 || total
---------------------------+-------+-------+-------+-------++-------
  Melee: War axe           |    76 |   127 |   151 |   210 ||   564
         Hand axe          |    27 |   121 |   145 |       ||   293
         Whip              |       |       |       |   297 ||   297
         Broad axe         |       |       |       |   273 ||   273
         Unarmed           |       |       |       |     4 ||     4
  Evoke: Wand              |       |       |    20 |    23 ||    43
    Use: Scroll            |     3 |     8 |     3 |     9 ||    23
         Potion            |       |     4 |     3 |     5 ||    12
   Stab: Invisible         |       |       |     1 |       ||     1
 Armour: Scale mail        |    43 |   145 |     4 |       ||   192
         Ring mail         |       |       |   142 |       ||   142
         Plate armour      |       |       |     6 |   413 ||   419
         Skin              |       |       |       |     5 ||     5
  Dodge: Dodged            |    35 |    88 |   109 |   120 ||   352
  Block: Buckler           |    11 |       |       |       ||    11

Illustrated notes

Table legend:
 A = Kills in this place as a percentage of kills in the entire game.
 B = Kills by you in this place as a percentage of kills by you in the entire game.
 C = Kills by friends in this place as a percentage of kills by friends in the entire game.
 D = Other kills in this place as a percentage of other kills in the entire game.
 E = Experience gained in this place as a percentage of experience gained in the entire game.
 F = Experience gained in this place divided by the number of levels of this place that you have seen.
                   A       B       C       D       E      F
               +-------+-------+-------+-------+-------+----------------------
         Total | 100.0 | 100.0 |   N/A |   N/A | 100.0 | 1464.0
       Dungeon |  84.7 |  84.7 |   N/A |   N/A |  91.0 | 1815.9
          Lair |   1.6 |   1.6 |   N/A |   N/A |   7.6 | 1670.0
         Sewer |  13.6 |  13.6 |   N/A |   N/A |   1.4 | 315.0
               +-------+-------+-------+-------+-------+----------------------

Table legend: (Time is in decaauts)
 A = Elapsed time spent in this place.
 B = Non-inter-level travel time spent in this place.
 C = Inter-level travel time spent in this place.
 D = Time resting spent in this place.
 E = Time spent auto-exploring this place.
 F = Levels seen in this place.
 G = Mean time per level.
                   A        B        C        D        E       F      G
               +--------+--------+--------+--------+--------+-----+--------+
         Total |  12340 |  11784 |    556 |    774 |   8810 |  15 |  822.7 |
       Dungeon |  11718 |  11163 |    555 |    774 |   8406 |  11 | 1065.3 |
        Temple |      1 |      1 |      0 |      0 |      0 |   1 |    1.0 |
          Lair |    173 |    173 |      0 |      0 |    116 |   1 |  173.0 |
  Orcish Mines |     13 |     13 |      0 |      0 |      2 |   1 |   13.0 |
         Sewer |    433 |    433 |      0 |      0 |    286 |   1 |  433.0 |
               +--------+--------+--------+--------+--------+-----+--------+

Top non-repeatable levels by time:
     D:9: 1994 daAuts
     D:7: 1754 daAuts
     D:6: 1613 daAuts
    D:10: 1382 daAuts
     D:2: 986 daAuts
     D:1: 953 daAuts
     D:5: 903 daAuts
     D:8: 860 daAuts
     D:3: 686 daAuts
     D:4: 540 daAuts
   Sewer: 433 daAuts
  Lair:1: 173 daAuts
    D:11: 44 daAuts
   Orc:1: 13 daAuts
  Temple: 1 daAuts
